Map: Ascension to Aiur LE

Players

ThePanMan

  • Race: Protoss Protoss
  • League: Master
  • Spawn Location: 11:00

Antis - Winner!

  • Race: Zerg Zerg
  • League: Grandmaster
  • Spawn Location: 5:00

VOD

Have the link to the VOD?

Description

Time

  • Played on: Dec. 17, 2017, 11:44 p.m.
  • Length: 7:53
Show
View Real Time Build Order
Export as new Build Order

ThePanMan Protoss 

Build Orders: 1 Gate Expand 

Get SALT Encoding   

  12  0:01  Probe  
  13  0:13  Probe  
  14  0:19  Pylon  
  14  0:25  Probe  
  15  0:37  Probe (Chrono Boost)  
  15  0:41  Gateway  
  16  0:48  Assimilator  
  16  0:49  Probe (Chrono Boost)  
  17  0:53  Probe (Chrono Boost)  
  18  1:04  Probe (Chrono Boost)  
  20  1:15  Probe (Chrono Boost)  
  20  1:27  Nexus  
  20  1:33  Cybernetics Core  
  20  1:36  Probe  
  21  1:48  Probe  
  21  1:50  Assimilator  
  21  1:51  Pylon  
  22  2:00  Probe  
  23  2:12  Probe (Chrono Boost)  
  23  2:14  Sentry  
  26  2:18  Warp Gate  
  27  2:25  Probe (Chrono Boost)  
  27  2:26  Shield Battery  
  27  2:27  Probe  
  28  2:40  Probe (Chrono Boost), Sentry  
  32  2:48  Probe (Chrono Boost)  
  32  2:50  Gateway  
  34  2:51  Probe x2 (Chrono Boost)  
  34  2:54  Probe  
  34  2:58  Twilight Council  
  35  3:03  Probe  
  35  3:05  Assimilator  
  36  3:06  Probe  
  39  3:13  Sentry  
  39  3:18  Probe (Chrono Boost)  
  41  3:20  Pylon  
  41  3:21  Probe (Chrono Boost)  
  42  3:30  Probe (Chrono Boost)  
  42  3:31  Probe (Chrono Boost)  
  42  3:32  Probe  
  44  3:36  Resonating Glaives  
  44  3:39  Probe  
  44  3:40  Pylon  
  45  3:44  Probe  
  45  3:45  Robotics Facility  
  46  3:51  Probe  
  47  3:56  Pylon  
  47  3:57  Probe, Sentry  
  50  4:08  Gateway  
  50  4:10  Gateway  
  50  4:11  Gateway  
  50  4:12  Gateway  
  50  4:18  Gateway  
  50  4:22  Gateway  
  50  4:32  Immortal (Chrono Boost)  
  50  4:38  Sentry x2  
  58  4:44  Pylon  
  58  4:47  Pylon  
  60  5:00  Warp Prism (Chrono Boost)  
  60  5:02  Pylon  
  60  5:03  Pylon  
  60  5:04  Sentry, Adept  
  60  5:05  Adept  
  66  5:14  Adept x2  
  66  5:15  Pylon, Adept  
  66  5:17  Pylon, Sentry  
  74  5:27  Adept x2, Observer (Chrono Boost)  
  79  5:35  Adept x2  
  79  5:36  Adept  
  79  5:39  Adept  
  87  5:57  Adept x4  
  87  5:58  Adept x2  
  87  6:00  Zealot  
  101  6:05  Stalker  
  83  6:37  Probe x2  
  83  6:38  Adept x7  
  83  6:39  Adept  
  81  7:04  Adept x5  
  81  7:05  Adept x3  
  85  7:21  Robotics Bay  
Show
View Real Time Build Order
Export as new Build Order

Antis Zerg - Winner!

Build Orders: Hatch First, Lurkers 

Get SALT Encoding   

  12  0:00  Drone  
  13  0:12  Overlord  
  13  0:17  Drone  
  14  0:30  Drone x2  
  14  0:34  Drone  
  17  0:51  Hatchery  
  17  0:55  Drone  
  17  0:57  Drone  
  18  1:08  Extractor  
  17  1:14  Spawning Pool  
  17  1:16  Drone  
  17  1:19  Drone  
  18  1:28  Drone  
  19  1:40  Overlord  
  19  1:50  Drone  
  22  2:03  Zergling x2  
  22  2:04  Queen  
  22  2:05  Zergling x2  
  26  2:14  Lair  
  24  2:15  Drone  
  24  2:17  Drone  
  24  2:21  Drone  
  27  2:26  Drone  
  28  2:33  Drone  
  28  2:35  Drone  
  30  2:45  Queen, Hatchery  
  30  2:48  Drone  
  32  2:53  Overlord  
  32  3:00  Drone  
  32  3:02  Drone  
  34  3:11  Drone  
  35  3:14  Hydralisk Den, Drone x3  
  37  3:20  Queen  
  37  3:23  Overlord  
  39  3:27  Drone  
  39  3:29  Drone  
  41  3:34  Drone  
  41  3:36  Extractor  
  41  3:38  Drone x2  
  43  3:44  Lurker Den  
  43  3:45  Drone x2  
  43  3:47  Extractor, Drone  
  44  3:49  Overlord  
  44  3:53  Drone  
  45  3:56  Drone  
  45  3:59  Drone x2  
  45  4:01  Drone x2  
  50  4:04  Drone  
  50  4:09  Drone  
  52  4:12  Drone x2  
  54  4:21  Overlord  
  54  4:23  Drone x2  
  56  4:29  Queen  
  56  4:31  Hydralisk x3  
  58  4:34  Overlord  
  64  4:40  Hydralisk  
  64  4:41  Overlord  
  66  4:48  Drone x3, Extractor  
  66  4:50  Hydralisk  
  70  4:54  Drone x2  
  72  5:00  Drone x2  
  72  5:04  Overlord  
  75  5:07  Drone  
  75  5:11  Lurker x3  
  78  5:15  Hydralisk  
  78  5:18  Overlord  
  78  5:19  Extractor  
  78  5:21  Spine Crawler, Lurker, Drone x3  
  81  5:25  Hydralisk  
  84  5:32  Overlord  
  83  5:39  Lurker, Hydralisk  
  83  5:42  Queen x3  
  92  5:48  Overseer, Extractor  
  91  5:54  Lurker  
  92  5:58  Hydralisk  
  94  6:07  Hydralisk x2  
  94  6:08  Spine Crawler, Spore Crawler  
  96  6:15  Hydralisk  
  98  6:24  Hydralisk x3  
  98  6:25  Roach Warren  
  102  6:39  Drone x7  
  105  6:40  Drone x3  
  105  6:42  Hydralisk x2  
  105  6:49  Hydralisk x4  
  105  7:10  Lurker  
  105  7:13  Hydralisk  
  105  7:15  Hydralisk  
  108  7:22  Hydralisk  
  112  7:25  Overlord x3  
Tags
 
Add a new tag
Caveats
  • Supply blocks, unpowered buildings, or Contaminate may cause inaccurate times.
  • Supply counts are checked every 10 seconds.